 Dungeon Crawl Stone Soup version 0.20-a0-544-g2b9a704 (webtiles) character file.

723 AlphabetPasta the Bolt Thrower (level 7, -6/60 HPs)
             Began as a Minotaur Arcane Marksman on Jan 31, 2017.
             Killed from afar by an orc wizard (9 damage)
             ... with a magic dart
             ... on level 4 of the Dungeon.
             The game lasted 00:20:46 (3425 turns).

AlphabetPasta the Bolt Thrower (MiAM)               Turns: 3425, Time: 00:20:47

Health: -6/60      AC:  4    Str: 17    XL:     7   Next: 43%
Magic:  9/9        EV: 12    Int: 10    God:
Gold:   138        SH:  0    Dex: 10    Spells: 5/11 levels left

rFire    . . .     SeeInvis .   a - +0 hand axe
rCold    . . .     Gourm    .   k - +0 troll leather armour {Purgy}
rNeg     . . .     Faith    .   (no shield)
rPois    .         Spirit   .   (helmet restricted)
rElec    .         Reflect  .   (no cloak)
rCorr    .         Harm     .   (no gloves)
MR       .....                  (no boots)
Stlth    +.........             (no amulet)
Regen    0.6/turn               (no ring)
                                (no ring)

@: very slightly contaminated, hasted, very quick
A: retaliatory headbutt, horns 2, blurry vision 1, subdued magic 1, MP-powered
wands
a: no special abilities


You were on level 4 of the Dungeon.
You were hungry.

You visited 1 branch of the dungeon, and saw 4 of its levels.
You also visited: Sewer.

You collected 138 gold pieces.

Inventory:

Hand Weapons
 a - a +0 hand axe (weapon)
 b - a +1 hand crossbow
 l - a +0 club
Missiles
 d - 23 bolts
Armour
 e - a +0 robe
 k - a +0 troll leather armour (worn) {Purgy}
 m - a +0 ring mail
 p - a +0 chain mail
Jewellery
 q - an uncursed ring of ice
Wands
 r - a wand of lightning (8/15)
Scrolls
 g - a scroll of remove curse
 n - 5 scrolls of teleportation
 o - 2 scrolls of fog
 t - a scroll of magic mapping
Potions
 i - a potion of cancellation
 j - 2 potions of haste
 u - a potion of magic
Books
 c - a book of Debilitation

   Spells                             Type                      Level
   a - Corona                         Hexes                        1
   b - Slow                           Hexes                        2
   c - Gell's Gravitas                Hexes/Translocation          3
   d - Inner Flame                    Hexes/Fire                   3
   e - Cause Fear                     Hexes                        4
   f - Leda's Liquefaction            Hexes/Earth                  4
Comestibles
 f - 2 bread rations
 h - a chunk of flesh


   Skills:
 + Level 4.6 Fighting
 * Level 1.9 Axes
 * Level 5.7 Crossbows
 + Level 3.9 Armour
 - Level 2.1 Dodging
 + Level 2.5 Spellcasting
 - Level 2.0 Hexes


You had 5 spell levels left.
You knew the following spells:

 Your Spells              Type           Power        Failure   Level  Hunger
a - Corona                Hex            #......      14%         1    ##.....
b - Slow                  Hex            #.......     21%         2    ###....
c - Gell's Gravitas       Hex/Tloc       #.........   71%         3    ####...


Dungeon Overview and Level Annotations

Branches:
Dungeon (4/15)
 Temple: D:4-7

Altars:


Innate Abilities, Weirdness & Mutations

You reflexively headbutt those who attack you in melee.
You have a pair of horns on your head.
Scrolls take you a little longer to read.
Your spells are a little easier to cast, but a little less powerful.
You expend magic power (3 MP) to strengthen your wands.


Message History

You are very lightly contaminated with residual magic.
You hit the orc wizard but do no damage. x2
The orc wizard barely misses you. The orc wizard casts a spell at you.
The magic dart hits you!
* * * LOW HITPOINT WARNING * * *
Unknown command.
You closely miss the orc wizard. You hit the orc wizard. x2
The orc wizard hits you with a dagger.
* * * LOW HITPOINT WARNING * * *
The orc wizard casts a spell at you. You resist with some effort.
The orc wizard gestures at you while chanting.
You resist with some effort.
You barely miss the orc wizard. Your headbutt misses the orc wizard.
You barely miss the orc wizard. You closely miss the orc wizard.
The orc wizard hits you but does no damage.
The orc wizard casts a spell at you. The magic dart hits you!
You die...

...##.....##...#####*,,**,,,*
....#..............#,,,******
.)..'.(............*,,,,*
....#).........#*###*,,,*
#####.....##...##..#*,,,*
...#########....#..#*,,**
....+...........#..##***
....#...........#o..#
....#..........o@o..#
#..###....##...##).##
#..###....##...#*###
................#
................#
................#
#################


You could see 3 orc wizards.

Vanquished Creatures
  Grinder (D:3)
  A phantom (D:4)
  Purgy (Sewer)
  2 orc priests (D:4)
  A hound (D:3)
  Jessica (D:3)
  Ijyb (D:3)
  Robin (D:3)
  5 adders
  A river rat (D:3)
  An ooze (D:2)
  5 worms
  A dart slug (D:3)
  6 leopard geckos
  4 orcs
  3 ball pythons
  12 bats
  5 giant cockroaches (D:3)
  11 goblins
  8 hobgoblins
  8 jackals
  3 quokkas
  10 frilled lizards
  11 kobolds
  7 rats
110 creatures vanquished.

Notes
Turn   | Place    | Note
-------+----------+-------------------------------------------
     0 | D:1      | AlphabetPasta the Minotaur Arcane Marksman began the quest for the Orb.
     0 | D:1      | Reached XP level 1. HP: 16/16 MP: 1/1
    40 | D:1      | Reached skill level 1 in Armour
   155 | D:1      | Reached XP level 2. HP: 24/24 MP: 2/2
   169 | D:1      | Learned a level 2 spell: Slow
   693 | D:1      | Reached XP level 3. HP: 26/29 MP: 3/3
  1145 | D:2      | Reached skill level 3 in Crossbows
  1342 | D:2      | Reached XP level 4. HP: 33/37 MP: 5/5
  1870 | D:3      | Gained mutation: Scrolls take you a little longer to read. [potion of mutation]
  1870 | D:3      | Gained mutation: You expend magic power (3 MP) to strengthen your wands. [potion of mutation]
  1870 | D:3      | Gained mutation: Your spells are a little easier to cast, but a little less powerful. [potion of mutation]
  1894 | D:3      | Noticed Jessica
  1895 | D:3      | Killed Jessica
  1895 | D:3      | Reached skill level 4 in Crossbows
  1895 | D:3      | Reached XP level 5. HP: 33/44 MP: 6/6
  2144 | D:3      | Found a glowing drain.
  2148 | Sewer    | Entered a sewer
  2182 | Sewer    | Noticed Purgy
  2220 | Sewer    | Killed Purgy
  2220 | Sewer    | Reached XP level 6. HP: 48/51 MP: 6/8
  2404 | Sewer    | Learned a level 2 spell: Slow
  2408 | Sewer    | Learned a level 3 spell: Gell's Gravitas
  2521 | D:3      | Noticed Ijyb
  2532 | D:3      | Killed Ijyb
  2645 | D:3      | Noticed Grinder
  2660 | D:3      | Killed Grinder
  2660 | D:3      | Reached skill level 5 in Crossbows
  2662 | D:3      | Reached XP level 7. HP: 48/59 MP: 9/9
  2889 | D:3      | Noticed Robin
  2899 | D:3      | Killed Robin
  3377 | D:4      | Reached skill level 1 in Axes
  3423 | D:4      | HP: 3/60 [orc wizard/magic dart (7)]
  3425 | D:4      | Killed from afar by an orc wizard

Vault maps used:
D:1:      mrwooster_arrival_statue
D:3:      kennysheep_big_flooded_room, gup_sewer_entry_spiral, uniq_iyjb,
          uniq_grinder, uniq_robin, uniq_jessica
D:4:      first_bread, uniq_sigmund
Sewer:    sewer_co_purgy_island

Skill      XL: |  1  2  3  4  5  6  7 |
---------------+----------------------+-----
Armour         | 1 2 3 |  3.9
Fighting       | 2 3 4 |  4.6
Crossbows      | 3 4 5 |  5.7
Spellcasting   | 2 |  2.5
Axes           | 1 |  1.9
Dodging        | |  2.1
Hexes          | |  2.0

Action                   |  1- 3 |  4- 6 |  7- 9 || total
-------------------------+-------+-------+-------++-------
Melee: Unarmed           |     4 |       |       ||     4
       Club              |    81 |    82 |    44 ||   207
       Headbutt          |    16 |    13 |    11 ||    40
       Hand axe          |       |       |    33 ||    33
 Fire: Hand crossbow     |    21 |    70 |     4 ||    95
  Use: Scroll            |     5 |     8 |     4 ||    17
       Potion            |       |     6 |     2 ||     8
 Stab: Sleeping          |     1 |       |       ||     1
  Eat: Chunk             |     1 |     5 |     2 ||     8
Armor: Robe              |     8 |       |       ||     8
       Ring mail         |    19 |       |       ||    19
       Chain mail        |    17 |    53 |       ||    70
       Skin              |       |     7 |       ||     7
       Troll leather arm |       |    11 |    23 ||    34
Dodge: Dodged            |    49 |    51 |    55 ||   155
